 Dungeon Crawl Stone Soup version 0.31-a0-795-g5eb97db20b (webtiles) character file.

Game seed: 3283671929862782948

117 Maratek the Trooper (level 4, 0/35 HPs)
             Began as a Demonspawn Fighter on Sept 18, 2023.
             Slain by a gnoll
             ... wielding a +0 hand axe
              (3 damage)
             ... on level 2 of the Dungeon.
             The game lasted 00:01:52 (1556 turns).

Maratek the Trooper (Demonspawn Fighter)            Turns: 1556, Time: 00:01:53

Health: 0/35       AC:  8    Str: 18    XL:     4   Next: 71%
Magic:  4/4        EV: 11    Int: 10    God:
Gold:   101        SH:  4    Dex: 12    Spells: 3/3 levels left

rFire   . . .        a - +0 trident
rCold   . . .        c - +0 buckler
rNeg    . . .        b - +0 scale mail
rPois   .            (no helmet)
rElec   .            i - +0 cloak
rCorr   .            (no gloves)
SInv    .            (no boots)
Will    .....        (no amulet) Stlth
                     (no ring)
HPRegen 0.25/turn    (no ring)
MPRegen 0.09/turn

%: no passive effects
@: no status effects
A: repulsion field 1
a: no special abilities


You were on level 2 of the Dungeon.
You visited 1 branch of the dungeon, and saw 2 of its levels.

You collected 101 gold pieces.

Inventory:

Hand Weapons
 a - a +0 trident (weapon)
Armour
 b - a +0 scale mail (worn)
 c - a +0 buckler (worn)
 i - a +0 cloak (worn)
Jewellery
 g - an amulet of faith
Scrolls
 e - 2 scrolls of identify {unknown}
 h - a scroll of silence {unknown}
 j - a scroll of teleportation {unknown}
 n - a scroll of enchant weapon {unknown}
 o - a scroll of fear {unknown}
 p - a scroll of brand weapon {unknown}
Potions
 d - a potion of might
 f - a potion of brilliance {unknown}
 k - a potion of curing {unknown}
 l - a potion of heal wounds {unknown}
 m - a potion of attraction {unknown}


   Skills:
 + Level 3.5 Fighting
 + Level 3.1 Polearms
 + Level 3.4 Armour
 + Level 0.3 Dodging
 + Level 3.1 Shields


You had 3 spell levels left.
You didn't know any spells.
Your spell library contained the following spells:

 Spells                   Type           Power      Damage    Failure   Level
 Wereblood                Tmut           0%         N/A       92%         2
 Irradiate                Conj/Tmut      0%         3d11      100%        5


Dungeon Overview and Level Annotations

Branches:
Dungeon (2/15)

Altars:
Fedhas


Innate Abilities, Weirdness & Mutations

You are surrounded by a mild repulsion field. (EV +2)


Message History

The gnoll hits you with a +0 spear.
Things that are here:
a +0 club; a gnoll corpse You barely miss the gnoll.
The gnoll hits you with a +0 spear.
* * * LOW HITPOINT WARNING * * *
The gnoll hits you with a +0 spear.
* * * LOW HITPOINT WARNING * * *
You puncture the gnoll!
The gnoll is heavily wounded.
The gnoll hits you with a +0 spear.
* * * LOW HITPOINT WARNING * * *
You hit the gnoll.
The gnoll is severely wounded.
The gnoll hits you but does no damage.
You closely miss the gnoll.
The gnoll is severely wounded.
The gnoll hits you with a +0 spear.
* * * LOW HITPOINT WARNING * * *
You puncture the gnoll!
You kill the gnoll!
The gnoll hits you with a +0 hand axe.
* * * LOW HITPOINT WARNING * * *
Your Polearms skill increases to level 3!
The gnoll shouts! x2; You hear a shout!
The gnoll closely misses you.
A gnoll opens the door.
A gnoll sergeant comes into view. It is wielding a +0 spear.
You see here a +0 spear.
A gnoll comes into view. It is wielding a +0 club.
The gnoll shouts!
The gnoll sergeant shouts!
The gnoll barely misses you.
Found the +5 woodcutter's axe.
You hit the gnoll.
The gnoll is lightly wounded.
The gnoll hits you with a +0 hand axe.
* * * LOW HITPOINT WARNING * * *
The gnoll barely misses you.
You hit the gnoll.
The gnoll is severely wounded.
The gnoll hits you with a +0 hand axe.
You die...

#.# #.# #.#
##.#### ###
#...... ♣♣♣♣
#..#### ♣)..
#..# # ♣♣♣..# #
#..# ##
♣♣♣....#...
#..###.
###♣♣)..♣..#...
#.....#
#...))g@.g.gg.)
#.####.
#.#♣♣....♣.#g..
#.# ##
#.##♣♣♣.)..#...
#.# # #..##
♣♣♣..# # #.# #
##..### ♣...
#.# # ##...#
♣♣♣♣ ##.#####
##.##########
#......( #.#
#......#
#..##### #.#
#.####)# #..#


You could see a gnoll sergeant and 4 gnolls.

Vanquished Creatures
  4 adders (D:2)
  3 gnolls
  A worm (D:2)
  2 dart slugs (D:1)
  9 ball pythons
  3 endoplasms
  3 giant cockroaches (D:1)
  2 goblins (D:1)
  4 hobgoblins
  7 quokkas
  2 bats
  2 frilled lizards (D:1)
  A kobold (D:1)
  2 rats
45 creatures vanquished.

Notes
Turn   | Place    | Note
-------+----------+-------------------------------------------
     0 | D:1      | Maratek the Demonspawn Fighter began the quest for the Orb.
     0 | D:1      | Reached XP level 1. HP: 18/18 MP: 1/1
    94 | D:1      | Gained mutation: You are surrounded by a mild repulsion
                  | field. (EV +2) [demonic ancestry]
    94 | D:1      | Reached XP level 2. HP: 2/24 MP: 2/2
   329 | D:1      | Reached XP level 3. HP: 29/29 MP: 3/3
   968 | D:2      | Found a blossoming altar of Fedhas.
  1052 | D:2      | Reached XP level 4. HP: 32/35 MP: 4/4
  1553 | D:2      | Noticed a gnoll sergeant
  1554 | D:2      | Found the +5 woodcutter's axe
  1556 | D:2      | Slain by a gnoll

Illustrated notes

Levels and vault maps discovered:
D:1:      minmay_arrival_arboretum_small, layout_basic, minmay_octomino_e4
D:2:      layout_loops_ring, basic_altar, pf_guarded_unrand_woodcutter

Skill      XL: |  1  2  3  4 |
---------------+-------------+-----
Polearms       | 2 3 |  3.1
Shields        | 3 |  3.1
Armour         | 3 |  3.4
Fighting       | |  3.5
Dodging        | |  0.3

Action                     |  1- 3 |  4- 6 || total
---------------------------+-------+-------++-------
  Melee: Trident           |   113 |    49 ||   162
 Armour: Scale mail        |    61 |    32 ||    93
  Dodge: Dodged            |    51 |    26 ||    77
  Block: Buckler           |    12 |     8 ||    20

Table legend: (Time is in decaauts)
 A = Elapsed time spent in this place.
 B = Non-inter-level travel time spent in this place.
 C = Inter-level travel time spent in this place.
 D = Time resting spent in this place.
 E = Time spent auto-exploring this place.
 F = Levels seen in this place.
 G = Mean time per level.
                   A        B        C        D        E       F      G
               +--------+--------+--------+--------+--------+-----+--------+
         Total |   1592 |   1572 |     20 |      0 |   1244 |   2 |  796.0 |
       Dungeon |   1592 |   1572 |     20 |      0 |   1244 |   2 |  796.0 |
               +--------+--------+--------+--------+--------+-----+--------+

Top non-repeatable levels by time:
     D:1: 826 daAuts
     D:2: 765 daAuts
